 Dungeon Crawl Stone Soup version 0.20.0-15-g7f486f2 (webtiles) character file.

5782 Monsterracer the Martial Artist (level 10, -5/91 HPs)
             Began as a White Draconian Transmuter on June 27, 2017.
             Was an Elder of Okawaru.
             Slain by a hornet (10 damage)
             ... while paralysed by a hornet
             ... on level 10 of the Dungeon.
             The game lasted 00:33:46 (10785 turns).

Monsterracer the Martial Artist (DrTm)             Turns: 10785, Time: 00:33:46

Health: -5/91      AC: 10    Str: 12    XL:     10   Next: 50%
Magic:  14/14      EV:  2    Int: 14    God:    Okawaru [****..]
Gold:   475        SH:  0    Dex: 15    Spells: 1/15 levels left

rFire    + . .     SeeInvis .     - Unarmed
rCold    + . .     Gourm    +   (no shield)
rNeg     . . .     Faith    .   (armour unavailable)
rPois    .         Spirit   .   B - +0 hat
rElec    .         Reflect  .   (no cloak)
rCorr    .         Harm     .   t - +2 pair of gloves
MR       .....                  (no boots)
Stlth    +.........             o - amulet of the gourmand
Regen    0.3/turn               d - ring of protection from fire
MPRegen  0.2/turn               p - ring of flight

@: paralysed, lethally poisoned (-5 -> -7), short of breath, slowed
A: breathe frost, unfitting armour, stinger 1, talons 1, cold resistance 1,
robust 1, cold-blooded, AC +7
a: Breathe Frost, Heroism, Renounce Religion, Evoke Flight


You were on level 10 of the Dungeon.
You worshipped Okawaru.
Okawaru was greatly pleased with you.
You were full.

You visited 2 branches of the dungeon, and saw 11 of its levels.

You collected 475 gold pieces.

Inventory:

Hand Weapons
 b - the +12 trident of the Unspeakable One {drain, rElec rN+ MP+9}
   (You found it on level 10 of the Dungeon)

   A truly terrible weapon, it drains the life of those it strikes.
   It insulates you from electricity.
   It protects you from negative energy.
   It affects your magic capacity (+9).
Missiles
 a - 209 arrows
 e - 7 poisoned tomahawks (quivered)
 s - 12 javelins
Armour
 t - a +2 pair of gloves (worn)
 B - a +0 hat (worn)
Jewellery
 d - a ring of protection from fire (left hand)
 o - an amulet of the gourmand (around neck)
 p - a ring of flight (right hand)
Wands
 j - a wand of iceblast (15/15)
 v - a wand of iceblast (6/15)
 A - a wand of flame (22/48)
 C - a wand of iceblast (6/15)
 D - a wand of disintegration (15/24)
 E - a wand of paralysis (6/24)
Scrolls
 h - a scroll of identify
 i - 2 scrolls of magic mapping
 k - a scroll of fear
 l - 3 scrolls of remove curse
 m - 3 scrolls of amnesia
 r - a scroll of enchant armour
 u - 3 scrolls of silence
 y - 2 scrolls of teleportation
Potions
 g - 2 potions of lignification
 n - 2 potions of heal wounds
 x - 5 potions of curing
 F - a potion of mutation
 G - a potion of cancellation
Books
 w - a book of Necromancy

   Spells                             Type                      Level
   a - Pain                           Necromancy                   1
   b - Animate Skeleton               Necromancy                   1
   c - Vampiric Draining              Necromancy                   3
   d - Regeneration                   Charms/Necromancy            3
   e - Animate Dead                   Necromancy                   4
   f - Control Undead                 Necromancy                   4
Comestibles
 c - 9 bread rations
 f - 6 meat rations
 q - 6 royal jellies
 z - 8 fruits


   Skills:
 + Level 5.6 Fighting
 + Level 5.1 Dodging
 * Level 10.4 Unarmed Combat
 + Level 3.1 Spellcasting
 - Level 9.0 Transmutations
 + Level 3.5 Invocations


You had one spell level left.
You knew the following spells:

 Your Spells              Type           Power        Failure   Level  Hunger
a - Ice Form              Ice/Tmut       ##......     32%         4    #####..
b - Sticks to Snakes      Tmut           ####....     1%          2    ##.....
c - Spider Form           Tmut/Pois      ##........   10%         3    ###....
d - Blade Hands           Tmut           ####......   14%         5    ######.


Dungeon Overview and Level Annotations

Branches:
Dungeon (10/15)            Temple (1/1) D:4
   Lair: D:8-11         Orc: D:9-12

Altars:
Ashenzari
Cheibriados
Dithmenos
Fedhas
Kikubaaqudgha
Makhleb
Okawaru
Ru
Sif Muna
Trog
Vehumet
The Shining One


Innate Abilities, Weirdness & Mutations

You can breathe waves of freezing cold.
You can buffet flying creatures when you breathe cold.
Your icy white scales are hard. (AC +7)
You cannot fit into any form of body armour.
Your flesh is cold resistant. (rC+)
You are cold-blooded and may be slowed by cold attacks.
Your tail ends in a poisonous barb.
You have sharp toenails.
You are robust. (+10% HP)


Message History

You closely miss the hornet. You claw the hornet, but do no damage.
The hornet is almost dead.
You feel sick. The hornet barely misses you. The hornet stings you.
* * * LOW HITPOINT WARNING * * *
You feel as though you will be slow longer.
Damage: -5%(-4hp) hp: 30%(27hp) Unknown command.
You barely miss the hornet.
The hornet is almost dead.
The hornet stings you!
* * * LOW HITPOINT WARNING * * *
You suddenly lose the ability to move!
The hornet stings you!
* * * LOW HITPOINT WARNING * * *
You feel as though you will be slow longer.
You feel sick. The hornet stings you.
* * * LOW HITPOINT WARNING * * *
You shrug off the repeated paralysis!
The hornet stings you but does no damage.
The hornet stings you!
You die...

#.# #.# #..
#..# .. ##..#
#.## #..###
#..# ##....#
#..###....#
#.......#
##y.....##
##@####...##
########## #..#
##...#
#........###.##
##..##
#...........##
##..#
#...........#
#...#
#.........##
....#
##.....#.##
...#..#
##...#.##
....##..# #
##.#..# .y..y#
#..#


You could see a hornet.

Vanquished Creatures
  Pikel (D:5)
  Prince Ribbit (D:6)
  A hippogriff (D:9)
  Sigmund (D:4)
  A wyvern (D:10)
  3 yaks (D:9)
  4 orc warriors
  A slave (D:5)
  A black bear (D:6)
  2 ice beasts (D:8)
  An eye of draining (D:10)
  3 phantoms
  8 ogres
  A centaur (D:7)
  A big kobold (D:6)
  Blork the orc (D:4)
  2 bullfrogs
  A gnoll sergeant (D:9)
  2 scorpions
  A water moccasin zombie (D:6)
  3 killer bees (D:10)
  A howler monkey (D:9)
  11 wights
  2 crimson imps
  A quasit (D:9)
  2 jellies
  8 orc priests
  A bullfrog zombie (D:6)
  A hound (D:10)
  A bullfrog skeleton (D:4)
  An iguana (D:6)
  12 orc wizards
  4 worker ants
  A hound skeleton (D:8)
  A hound zombie (D:7)
  Robin (D:2)
  3 gnolls (D:9)
  14 adders
  3 shadow imps
  4 oozes
  An adder zombie (D:8)
  A worm (D:2)
  A dart slug (D:1)
  4 leopard geckos
  42 orcs
  A ball python (D:1)
  6 bats
  6 giant cockroaches
  14 goblins
  9 hobgoblins
  16 jackals
  10 kobolds
  5 quokkas
  3 frilled lizards
  A leopard gecko skeleton (D:8)
  A leopard gecko zombie (D:6)
  6 rats
239 creatures vanquished.

Vanquished Creatures (collateral kills)
  A phantom (D:10)
1 creature vanquished.

Vanquished Creatures (others)
  An orc (D:5)
  A quokka (D:5)
2 creatures vanquished.

Grand Total: 242 creatures vanquished

Notes
Turn   | Place    | Note
-------+----------+-------------------------------------------
     0 | D:1      | Monsterracer the Draconian Transmuter began the quest for the Orb.
     0 | D:1      | Reached XP level 1. HP: 16/16 MP: 3/3
   210 | D:1      | Reached XP level 2. HP: 2/23 MP: 3/5
   221 | D:1      | Learned a level 2 spell: Sticks to Snakes
   772 | D:1      | Reached XP level 3. HP: 28/28 MP: 6/6
   878 | D:2      | Noticed Robin
   952 | D:1      | Learned a level 3 spell: Spider Form
  1224 | D:2      | Reached skill level 4 in Unarmed Combat
  1814 | D:2      | Reached XP level 4. HP: 35/35 MP: 7/7
  2021 | D:2      | Killed Robin
  2859 | D:3      | Reached skill level 5 in Unarmed Combat
  2859 | D:3      | Reached XP level 5. HP: 29/40 MP: 6/8
  3492 | D:4      | Noticed Sigmund
  3510 | D:4      | Killed Sigmund
  3510 | D:4      | Reached skill level 6 in Unarmed Combat
  3510 | D:4      | Reached XP level 6. HP: 23/47 MP: 6/9
  3768 | D:4      | Found a staircase to the Ecumenical Temple.
  3778 | Temple   | Entered the Ecumenical Temple
  3810 | Temple   | Became a worshipper of Warmaster Okawaru
  3870 | D:4      | Noticed Blork the orc
  3886 | D:4      | Killed Blork the orc
  4100 | D:4      | Reached skill level 1 in Invocations
  4462 | D:4      | Reached * piety under Okawaru
  4462 | D:4      | Your scales start taking on an icy white colour.
  4462 | D:4      | Reached XP level 7. HP: 49/52 MP: 0/10
  4462 | D:4      | Gained mutation: Your flesh is cold resistant. (rC+) [White Draconian growth]
  4470 | D:4      | Reached skill level 5 in Transmutations
  4529 | D:4      | Learned a level 5 spell: Blade Hands
  4686 | D:5      | Entered Level 5 of the Dungeon
  4755 | D:5      | Reached skill level 7 in Unarmed Combat
  5026 | D:5      | Gained mutation: You are robust. (+10% HP) [potion of mutation]
  5026 | D:5      | Gained mutation: You have sharp toenails. [potion of mutation]
  5026 | D:5      | Gained mutation: Your tail ends in a poisonous barb. [potion of mutation]
  5164 | D:5      | Noticed Pikel
  5177 | D:5      | Killed Pikel
  5177 | D:5      | Reached ** piety under Okawaru
  5177 | D:5      | Reached XP level 8. HP: 67/67 MP: 8/11
  5497 | D:6      | Reached skill level 8 in Unarmed Combat
  5548 | D:6      | Noticed Prince Ribbit
  5566 | D:6      | Killed Prince Ribbit
  5826 | D:6      | Reached XP level 9. HP: 38/77 MP: 6/12
  5830 | D:6      | Reached *** piety under Okawaru
  6426 | D:6      | Reached skill level 9 in Unarmed Combat
  7420 | D:7      | Found a burning altar of Makhleb.
  7426 | D:7      | Found a glowing golden altar of the Shining One.
  7430 | D:7      | Found a bloodstained altar of Trog.
  7985 | D:8      | Reached **** piety under Okawaru
  8641 | D:8      | Found an ancient bone altar of Kikubaaqudgha.
  8642 | D:8      | Found a blossoming altar of Fedhas.
  8826 | D:8      | Reached XP level 10. HP: 78/88 MP: 8/13
  8844 | D:8      | Reached skill level 5 in Fighting
  9387 | D:9      | Reached skill level 10 in Unarmed Combat
  9866 | D:9      | Found a burning altar of Makhleb.
  9866 | D:9      | Noticed a balrug
  9869 | D:9      | Noticed an orange demon
  9869 | D:9      | Noticed a smoke demon
 10299 | D:10     | Entered Level 10 of the Dungeon
 10311 | D:10     | Learned a level 4 spell: Ice Form
 10403 | D:10     | Got a pitted trident
 10404 | D:10     | Identified the +12 trident of the Unspeakable One {drain, rElec rN+ MP+9} (You found it on level 10 of the Dungeon)
 10433 | D:10     | Reached skill level 5 in Dodging
 10765 | D:10     | Paralysed by a hornet for 1 turns
 10783 | D:10     | Paralysed by a hornet for 3 turns
 10785 | D:10     | Slain by a hornet

Skill      XL: |  1  2  3  4  5  6  7  8  9 10 |
---------------+-------------------------------+-----
Unarmed Combat | 4 5 6 7 8 9 10 | 10.4
Transmutations | 3 4 5 6 8 9 |  9.0
Invocations    | 1 2 3 |  3.5
Fighting       | 2 3 4 5 |  5.6
Dodging        | 2 3 4 5 |  5.1
Spellcasting   | 3 |  3.1

Action                   |  1- 3 |  4- 6 |  7- 9 | 10-12 || total
-------------------------+-------+-------+-------+-------++-------
Melee: Unarmed           |   171 |   199 |   387 |   207 ||   964
       Kick              |     9 |     4 |    54 |    54 ||   121
       Tailslap          |    11 |    14 |    31 |    24 ||    80
       Headbutt          |     5 |     5 |       |       ||    10
       Punch             |       |     2 |     9 |     9 ||    20
Throw: Tomahawk          |       |     1 |       |       ||     1
 Cast: Beastly Appendage |    11 |     7 |       |       ||    18
       Spider Form       |     1 |     9 |    17 |     1 ||    28
       Sticks to Snakes  |     1 |       |     1 |     2 ||     4
       Blade Hands       |       |       |     1 |     2 ||     3
Invok: Heroism           |       |       |    10 |     2 ||    12
 Abil: Breathe Frost     |       |       |    18 |     2 ||    20
       Evoke Flight      |       |       |     2 |       ||     2
  Use: Potion            |     4 |     1 |     3 |     2 ||    10
       Scroll            |       |     7 |     5 |     1 ||    13
 Stab: Sleeping          |       |       |     3 |     1 ||     4
       Invisible         |       |       |       |     1 ||     1
  Eat: Chunk             |     4 |    11 |    27 |     9 ||    51
Armor: Skin              |    56 |    50 |    61 |    49 ||   216
Dodge: Dodged            |   103 |   126 |   271 |   119 ||   619
